 Dungeon Sprint DCSS version 0.31-a0-66-ge618eeaa78 (webtiles) character file.

Game seed: 16238628510031968642

4 fozzywoppz the Sneak (level 1, -2/13 HPs)
             Began as a Spriggan Enchanter on May 22, 2023.
             Slain by a wolf (10 damage)
             ... in the Dungeon (Sprint III: "The Ten Rune Challenge").
             The game lasted 00:01:15 (153 turns).

fozzywoppz the Sneak (Spriggan Enchanter)            Turns: 153, Time: 00:01:15

Health: -2/13      AC:  2    Str:  4    XL:     1   Next: 50%
Magic:  5/5        EV: 17    Int: 16    God:
Gold:   0          SH:  0    Dex: 15    Spells: 6/6 levels left

rFire   . . .        a - +1 dagger
rCold   . . .        (no shield)
rNeg    . . .        b - +0 robe
rPois   .            (helmet restricted)
rElec   .            (no cloak)
rCorr   .            (gloves unavailable)
SInv    +            (boots unavailable)
Will    .....        (no amulet) Stlth
                     (no ring)
HPRegen 0.22/turn    (no ring)
MPRegen 0.09/turn

%: no teleportation
@: berserking, very quick
A: very small, no large weapons, unfitting armour, see invisible, speed 3
a: no special abilities


You were in the Dungeon.
You visited 1 branch

Inventory:

Hand Weapons
 a - a +1 dagger (weapon)
Armour
 b - a +0 robe (worn)
Scrolls
 i - a scroll of blinking
 j - a scroll of enchant weapon {unknown}
Potions
 c - 2 potions of invisibility
 d - a potion of curing
 f - a potion of haste
 g - 2 potions of magic


   Skills:
 - Level 1.1 Short Blades
 + Level 3.3 Dodging
 + Level 5.1 Stealth
 + Level 3.2 Spellcasting
 + Level 4.1 Hexes


You had 6 spell levels left.
You didn't know any spells.
Your spell library contained the following spells:

 Spells                   Type           Power      Damage    Failure   Level
 Confusing Touch          Hex            15%        N/A       10%         3
 Tukima's Dance           Hex            15%        N/A       10%         3
 Ensorcelled Hibernation  Hex/Ice        14%        N/A       14%         2
 Dazzling Flash           Conj/Hex       14%        N/A       28%         3


Dungeon Overview and Level Annotations

Branches:
Dungeon (1/1)

Altars:


Innate Abilities, Weirdness & Mutations

You are very small and have problems with some larger weapons.
You are too small for most types of armour.
You have supernaturally acute eyesight. (SInv)
You cover ground extremely quickly. (Speed+++)


Message History

Your Stealth skill increases to level 5!
Your Hexes skill increases to level 4!
Unknown command.
You start resting.
HP restored.
j - a scroll labelled EDOSYNNOANN
Found a dagger.
A rat comes into view.
A rat comes into view.
The helpless rat fails to defend itself.
You impale the rat!!
You kill the rat!
Unknown command.
The helpless rat fails to defend itself.
You impale the rat!!
You kill the rat!
Unknown command.
You see here a rat corpse.
A human comes into view.
A wolf comes into view.
The wolf howls!
The wolf attacks as you move away! The wolf closely misses you.
The wolf attacks as you move away! The wolf bites you!
Ouch! That really hurt!
* * * LOW HITPOINT WARNING * * *
You feel much better. The wolf bites you. The wolf misses you.
A red film seems to cover your vision as you go berserk!
You feel yourself moving faster!
You feel mighty! The wolf closely misses you. The wolf misses you.
You hit the wolf.
The wolf is moderately wounded.
The wolf barely misses you.
You closely miss the wolf.
The wolf is moderately wounded.
The wolf closely misses you.
You closely miss the wolf.
The wolf is moderately wounded.
The wolf bites you!
Ouch! That really hurt!
You die...

▓▓▓▓▓▓▓▓▓
▓<..#)..####
▓...#......##
▓..##.......# ..#
▓##.##.##..†# ..#
##.##.###..# #..#
▓#.####.##..# .p.+
▓.###..##.@## #...#
▓#.....##.h###....#
###..##†..##.....#
##..##....#......#
#..###..##.#.....#
#..# #..#####....#
▓▓▓▓ ▓▓▓▓ ▓▓▓▓▓


You could see a wolf.

Vanquished Creatures
  2 endoplasms (D)
  2 rats (D)
4 creatures vanquished.

Notes
Turn   | Place    | Note
-------+----------+-------------------------------------------
     0 | D        | fozzywoppz the Spriggan Enchanter began the quest for the
                  | Orb.
     0 | D        | Reached XP level 1. HP: 9/9 MP: 5/5
    77 | D        | Reached skill level 5 in Stealth
   141 | D        | Noticed a wolf
   153 | D        | Slain by a wolf

Illustrated notes

Levels and vault maps discovered:
D:        dungeon_sprint_mu [sprint_mu_entry_cave, sprint_mu_temple_rooms,
          sprint_mu_d1_horrors, sprint_mu_d2_genie, sprint_mu_d3_branching,
          sprint_mu_orc_legion, sprint_mu_elf_gauntlet, sprint_mu_hive_nellie,
          sprint_mu_lair_fedhas, sprint_mu_vaults_butterflies,
          sprint_mu_slime_circle, sprint_mu_shoals_archi,
          sprint_mu_snake_twists, sprint_mu_blade_basic,
          sprint_mu_crypt_chambers, sprint_mu_tomb_spiral,
          sprint_mu_vestibule_basic, sprint_mu_gehenna_hellfire,
          sprint_mu_dis_giant, sprint_mu_tartarus_statrot,
          sprint_mu_cocytus_islands, sprint_mu_zot1]

Skill      XL: |  1 |
---------------+----+-----
Dodging        | 3 |  3.3
Spellcasting   | 3 |  3.2
Stealth        | 5 |  5.1
Hexes          | 4 |  4.1
Short Blades   | |  1.1

Action                     || total
---------------------------++-------
  Melee: Dagger            ||    15
    Use: Potion            ||     2
   Stab: Sleeping          ||     2
 Armour: Robe              ||     2
  Dodge: Dodged            ||     9

Table legend: (Time is in decaauts)
 A = Elapsed time spent in this place.
 B = Non-inter-level travel time spent in this place.
 C = Inter-level travel time spent in this place.
 D = Time resting spent in this place.
 E = Time spent auto-exploring this place.
 F = Levels seen in this place.
 G = Mean time per level.
                   A        B        C        D        E       F      G
               +--------+--------+--------+--------+--------+-----+--------+
         Total |    121 |    121 |      0 |     62 |      0 |   1 |  121.0 |
       Dungeon |    121 |    121 |      0 |     62 |      0 |   1 |  121.0 |
               +--------+--------+--------+--------+--------+-----+--------+

Top non-repeatable levels by time:
       D: 121 daAuts
